 Dungeon Crawl Stone Soup version 0.28.0-45-g0d030f2227 (webtiles) character file.

Game seed: 11192979168791983566

129 pkoi the Chiller (level 4, 0/33 HPs)
             Began as a Demigod Ice Elementalist on Apr 19, 2022.
             Slain by an adder (4 damage)
             ... on level 3 of the Dungeon.
             The game lasted 00:03:53 (3069 turns).

pkoi the Chiller (Demigod Ice Elementalist)         Turns: 3069, Time: 00:03:53

Health: 0/33       AC:  2    Str:  9    XL:     4   Next: 58%
Magic:  5/9        EV: 12    Int: 21    God:
Gold:   107        SH:  0    Dex: 14    Spells: 2/6 levels left

rFire   . . .      SeeInvis .   m - +0 quarterstaff
rCold   . . .      Faith    .   (shield currently unavailable)
rNeg    . . .      Spirit   .   a - +0 robe
rPois   .          Reflect  .   (no helmet)
rElec   .          Harm     .   (no cloak)
rCorr   .          Rampage  .   (no gloves)
Will    .....                   (no boots)
Stlth   +.........              (no amulet)
HPRegen 0.11/turn               (no ring)
MPRegen 0.11/turn               (no ring)

@: very slow
A: high MP 1, forlorn, divine attributes
a: no special abilities


You were on level 3 of the Dungeon.
You visited 1 branch of the dungeon, and saw 3 of its levels.

You collected 107 gold pieces.

Inventory:

Hand Weapons
 m - a +0 quarterstaff (weapon)
Missiles
 f - a throwing net
 i - 10 poisoned darts
Armour
 a - a +0 robe (worn)
Magical Staves
 c - a staff of earth
Jewellery
 d - a +6 ring of dexterity
Scrolls
 g - a scroll of blinking {unknown}
 j - a scroll of holy word {unknown}
 k - a scroll of enchant weapon {unknown}
 n - a scroll of teleportation {unknown}
 o - 3 scrolls of summoning {unknown}
Potions
 b - a potion of heal wounds {unknown}
 e - a potion of resistance {unknown}
 h - a potion of curing {unknown}
 l - 2 potions of attraction {unknown}
 p - a potion of degeneration {unknown}


   Skills:
 - Level 1.7 Dodging
 - Level 1.7 Stealth
 - Level 1.7 Spellcasting
 + Level 5.7 Ice Magic


You had 2 spell levels left.
You knew the following spells:

 Your Spells              Type           Power      Damage    Failure   Level
a - Freeze                Ice            100%       1d11      1%          1
b - Frozen Ramparts       Ice            50%        1d7       4%          3

Your spell library contained the following spells:

 Spells                   Type           Power      Damage    Failure   Level
 Magic Dart               Conj           4%         1d3       16%         1
 Call Imp                 Summ           1%         N/A       22%         2
 Ozocubu's Armour         Ice            25%        N/A       4%          3
 Mephitic Cloud           Conj/Pois/Air  1%         N/A       41%         3
 Hailstorm                Conj/Ice       13%        3d5       43%         4


Dungeon Overview and Level Annotations

Branches:
Dungeon (3/15)


Innate Abilities, Weirdness & Mutations

You have an increased reservoir of magic. (+10% MP)
You shall have no god before yourself.
Your divine heritage dramatically boosts your attributes as you level up.


Message History

Press: ? - help, Q - select action, (/) - cycle Shift-Dir - straight line, f/p - river rat
Aim: a river rat (moderately wounded)
You freeze the river rat.
The river rat is almost dead.
The river rat bites you.
* * * LOW HITPOINT WARNING * * *
Aiming: Freeze (safe; 1% risk of failure)
Press: ? - help, Q - select action, (/) - cycle Shift-Dir - straight line, f/p - river rat
Aim: a river rat (almost dead)
You freeze the river rat!
You kill the river rat!
Unknown command.
You hear the rusting of a drain very nearby.
An adder comes into view.
The adder hisses angrily.
The adder barely misses you. The adder bites you.
* * * LOW HITPOINT WARNING * * *
The adder bites you.
* * * LOW HITPOINT WARNING * * *
The worm barely misses you. The adder bites you.
* * * LOW HITPOINT WARNING * * *
Aiming: Freeze (safe; 1% risk of failure)
Press: ? - help, Q - select action, (/) - cycle Shift-Dir - straight line, f - worm
Aim: a worm You freeze the worm.
The worm is lightly wounded.
The adder barely misses you. The worm closely misses you. The adder bites you.
* * * LOW HITPOINT WARNING * * *
The adder bites you.
* * * LOW HITPOINT WARNING * * *
The adder closely misses you. x2
Aiming: Freeze (safe; 1% risk of failure)
Press: ? - help, Q - select action, (/) - cycle Shift-Dir - straight line, f - adder, p - worm
Aim: an adder You freeze the adder.
The adder is moderately wounded.
The adder seems to slow down.
The adder bites you.
You die...

,*#####.#############**,,,,,,,,,,
,*#..................,*,*********
,*#.###.#............,,,,,,,,,,*
,**,* #)#.....≈..$..,,,,******,*
,,*,* #.#.≈.≈≈≈≈≈..o,,*** *,*
*,*,* #.#≈≈#†#≈####,,,* *,* *,,,*
#.#≈≈≈≈≈≈≈≈≈#,,,* *,* ,,,,*
#.#########≈#,,,* *,** ,,,,*
#.#*≈#≈≈wS@≈#,,,* *,,,
,,,,**#.#*≈#≈#≈####**** ****
,,,,,*#.#*≈#≈#≈≈≈≈***********
,,,,,*#.#*≈*≈#≈##≈*,,,,,,,,,*
,,,,,,#.#*≈*≈#≈≈*≈*********,*
,,,,#.#.#*≈*≈##≈*≈* *,*
**#,#.#.#*≈≈≈**≈*≈####### *,*
#.#.#.##**≈*≈≈#∩#.....# *,*
#......# ***#####.....# *,*


You could see a worm and an adder (slow).

Vanquished Creatures
  5 adders
  2 river rats (D:3)
  A worm (D:3)
  2 dart slugs (D:1)
  An orc (D:3)
  3 ball pythons
  3 bats (D:2)
  6 endoplasms
  4 giant cockroaches
  3 goblins (D:1)
  6 hobgoblins
  4 jackals
  5 quokkas
  2 frilled lizards (D:2)
  4 kobolds
  5 rats
56 creatures vanquished.

Notes
Turn   | Place    | Note
-------+----------+-------------------------------------------
     0 | D:1      | pkoi the Demigod Ice Elementalist began the quest for the
                  | Orb.
     0 | D:1      | Reached XP level 1. HP: 14/14 MP: 5/5
   379 | D:1      | Reached skill level 4 in Ice Magic
   553 | D:1      | Reached XP level 2. HP: 20/20 MP: 4/7
  1596 | D:1      | Reached XP level 3. HP: 26/26 MP: 6/8
  2122 | D:2      | Reached skill level 5 in Ice Magic
  2586 | D:2      | Reached XP level 4. HP: 33/33 MP: 7/9
  3043 | D:3      | Learned a level 3 spell: Frozen Ramparts
  3069 | D:3      | Slain by an adder

Illustrated notes

Levels and vault maps discovered:
D:1:      dpeg_arrival_simpleton_c, layout_loops_ring,
          nicolae_ecumenical_snake_handling, minmay_box_of_dots
D:2:      layout_loops_ring, nicolae_figureground_pulse
D:3:      layout_basic, mainiacjoe_overflow_large_starburst,
          lightli_sewer_entry_pipes

Skill      XL: |  1  2  3 |
---------------+----------+-----
Ice Magic      | 4 5 |  5.7
Dodging        | |  1.7
Stealth        | |  1.7
Spellcasting   | |  1.7

Action                   |  1- 3 |  4- 6 || total
-------------------------+-------+-------++-------
Melee: Unarmed           |    12 |       ||    12
       Quarterstaff      |     3 |     1 ||     4
 Cast: Freeze            |    66 |    27 ||    93
  Use: Scroll            |       |     2 ||     2
Armor: Robe              |     9 |     2 ||    11
Dodge: Dodged            |    36 |    16 ||    52
